Map: Ulrena

Players

zidar - Winner!

  • Race: Zerg Zerg
  • League: Silver
  • Spawn Location: 11:00

FizCamp

  • Race: Zerg Zerg
  • League: Silver
  • Spawn Location: 7:00

VOD

Have the link to the VOD?

Description

Time

  • Played on: Feb. 9, 2016, 3:17 p.m.
  • Length: 6:56
Show
View Real Time Build Order
Export as new Build Order

zidar Zerg - Winner!

Build Orders: Pool First 

Get SALT Encoding   

  12  0:01  Drone  
  13  0:22  Spawning Pool  
  12  0:29  Overlord  
  12  1:08  Zergling x6  
  15  1:20  Zergling x2  
  17  1:32  Zergling x2  
  17  1:34  Queen  
  19  1:45  Extractor  
  19  1:47  Zergling x2  
  16  2:30  Zergling x6  
  16  2:50  Zergling x2  
  17  3:11  Drone x5  
  22  3:17  Hatchery  
  18  3:22  Zergling x2  
  18  3:25  Hatchery  
  17  3:35  Zergling x2  
  18  3:45  Zergling x2  
  18  4:09  Spine Crawler  
  7  4:46  Zergling x2  
  7  4:47  Zergling x12  
  7  4:52  Queen  
  16  4:53  Spine Crawler  
  16  4:59  Zergling x10  
  20  5:34  Drone x3  
  21  6:25  Zergling x14  
Show
View Real Time Build Order
Export as new Build Order

FizCamp Zerg 

Build Orders: 1 Base Baneling Bust, Pool Only 

Get SALT Encoding   

  12  0:02  Drone  
  13  0:08  Drone  
  14  0:14  Extractor  
  13  0:21  Drone  
  14  0:34  Spawning Pool  
  13  0:43  Overlord  
  13  0:46  Drone  
  14  1:01  Drone x2  
  16  1:10  Drone  
  17  1:16  Overlord  
  17  1:24  Metabolic Boost  
  17  1:32  Queen  
  19  1:41  Zergling x4  
  21  1:50  Zergling x2  
  22  1:58  Baneling Nest  
  18  2:07  Zergling x2  
  15  2:16  Zergling x2  
  14  2:23  Zergling x2  
  6  2:38  Zergling x2  
  6  2:46  Zergling x2  
  7  3:01  Drone  
  7  3:22  Zergling x4  
  9  3:30  Zergling x2  
  10  3:45  Zergling x2  
  11  3:55  Baneling  
  11  3:59  Baneling  
  9  4:36  Zergling x2  
  9  4:37  Zergling x2  
  7  5:00  Zergling x2  
  7  5:05  Drone  
  9  5:22  Zergling x2  
  9  5:26  Baneling  
  10  5:30  Baneling  
  10  5:44  Drone  
  11  5:57  Drone  
  12  6:04  Drone  
  12  6:30  Zergling x6  
Tags
 
Add a new tag
Caveats
  • Supply blocks, unpowered buildings, or Contaminate may cause inaccurate times.
  • Supply counts are checked every 10 seconds.